 Dungeon Crawl Stone Soup version 0.29-a0-565-g7a16c6de65 (webtiles) character file.

Game seed: 4797652051189059560

18 Lekart the Skirmisher (level 2, -5/27 HPs)
             Began as a Draconian Chaos Knight on June 12, 2022.
             Was a Plaything of Xom.
             Slain by a queen bee (shapeshifter) (17 damage)
             ... on level 2 of the Dungeon.
             The game lasted 00:01:02 (875 turns).

Lekart the Skirmisher (Draconian Chaos Knight)       Turns: 875, Time: 00:01:03

Health: -5/27      AC:  4    Str: 14    XL:     2   Next: 51%
Magic:  2/2        EV: 12    Int: 12    God:    Xom [..*...]
Gold:   31         SH:  0    Dex: 10    Spells: 1/1 levels left

rFire   . . .      SeeInvis .   a - +0 falchion (chaos)
rCold   . . .      Faith    .   (no shield)
rNeg    . . .      Spirit   .   (body armour unavailable)
rPois   .          Reflect  .   (helmet restricted)
rElec   .          Harm     .   (no cloak)
rCorr   .          Rampage  .   (no gloves)
Will    .....                   (no boots)
Stlth   +.........              (no amulet)
HPRegen 0.09/turn               (no ring)
MPRegen 0.08/turn               (no ring)

@: lethally poisoned (-5 -> -16)
A: AC +4, unfitting armour, cold-blooded
a: Renounce Religion


You were on level 2 of the Dungeon.
You worshipped Xom.
You were a toy of Xom.
You visited 1 branch of the dungeon, and saw 2 of its levels.

You collected 31 gold pieces.

Inventory:

Hand Weapons
 a - a +0 falchion of chaos (weapon)
Potions
 e - a potion of ambrosia
Miscellaneous
 b - a piece from Xom's chessboard (14/15)


   Skills:
 + Level 3.8 Fighting
 + Level 3.3 Long Blades
 + Level 2.3 Dodging


You had one spell level left.
You didn't know any spells.
Your spell library was empty.

Dungeon Overview and Level Annotations

Branches:
Dungeon (2/15)

Altars:


Innate Abilities, Weirdness & Mutations

Your plain brown scales are hard. (AC +4)
You cannot fit into any form of body armour.
You are cold-blooded and may be slowed by cold attacks.


Message History

There is an open door here.
There is a stone staircase leading down here.
You climb downwards.
There is a stone staircase leading up here.
A ball python is nearby!
A ball python is nearby!
The ball python hisses angrily.
A ball python is nearby!
Throw: javelin
Press: ? - help, Q - select action, (/) - cycle Shift-Dir - straight line, f - ball python
Aim: a ball python (52% to hit)
You throw a javelin.
The javelin closely misses the ball python.
You barely miss the ball python. The ball python barely misses you.
The ball python closely misses you.
You completely miss the ball python.
Your tail-slap misses the ball python.
The ball python barely misses you. x2
You closely miss the ball python.
The ball python bites you but does no damage.
The ball python grabs you. The ball python constricts you.
The ball python barely misses you. The ball python constricts you.
You hit the ball python but do no damage.
The shapeshifter loses its grip on you.
The ball python changes into a shapeshifter!
Xom is amused.
The shapeshifter changes into a queen bee!
You hit the queen bee.
The queen bee is lightly wounded.
The queen bee stings you!
You are poisoned.
The queen bee poisons you!
You barely miss the queen bee.
You feel very sick. The queen bee misses you.
You hit the queen bee but do no damage.
You feel very sick. The queen bee stings you!
Ouch! That really hurt!
You die...
Xom bursts into laughter!

##########
(.....y@.#
########<#
###


You could see a queen bee shaped shifter.

Vanquished Creatures
  A ball python (D:1)
  An endoplasm (D:1)
  3 goblins (D:1)
  3 hobgoblins (D:1)
  2 quokkas (D:1)
  A bat (D:1)
  2 frilled lizards (D:1)
  2 kobolds (D:1)
  4 rats (D:1)
19 creatures vanquished.

Notes
Turn   | Place    | Note
-------+----------+-------------------------------------------
     0 | D:1      | Lekart the Draconian Chaos Knight began the quest for the
                  | Orb.
     0 | D:1      | Reached XP level 1. HP: 19/19 MP: 1/1
   282 | D:1      | Reached XP level 2. HP: 26/26 MP: 2/2
   663 | D:1      | XOM is BORED!
   663 | D:1      | XOM: silly message
   872 | D:2      | Noticed a shapeshifter
   872 | D:2      | a ball python changed into a shapeshifter
   872 | D:2      | Noticed a queen bee
   872 | D:2      | a shapeshifter changed into a queen bee
   875 | D:2      | Slain by a queen bee (shapeshifter)

Illustrated notes

Levels and vault maps discovered:
D:1:      minmay_arrival_stair_chambers, layout_basic
D:2:      layout_basic, serial_shops, nicolae_diamond_shop,
          hellmonk_ecumenical_altar_arch_garden

Action                   || total
-------------------------++-------
Melee: Falchion          ||    26
       Tailslap          ||     1
Throw: Javelin           ||    12
Evoke: Piece from Xom's  ||     1
  Use: Scroll            ||     2
Armor: Skin              ||     3
Dodge: Dodged            ||    14

Table legend: (Time is in decaauts)
 A = Elapsed time spent in this place.
 B = Non-inter-level travel time spent in this place.
 C = Inter-level travel time spent in this place.
 D = Time resting spent in this place.
 E = Time spent auto-exploring this place.
 F = Levels seen in this place.
 G = Mean time per level.
                   A        B        C        D        E       F      G
               +--------+--------+--------+--------+--------+-----+--------+
         Total |    884 |    844 |     40 |      0 |    735 |   2 |  442.0 |
       Dungeon |    884 |    844 |     40 |      0 |    735 |   2 |  442.0 |
               +--------+--------+--------+--------+--------+-----+--------+

Top non-repeatable levels by time:
     D:1: 874 daAuts
     D:2: 10 daAuts
